 Dungeon Crawl Stone Soup version 0.23-a0-582-g1b4a0ca (webtiles) character file.

1572 Inarius the Chopper (level 8, -6/62 HPs)
             Began as a Demonspawn Chaos Knight on Dec 16, 2018.
             Was a Plaything of Xom.
             Mangled by an ogre
             ... wielding a +0 giant spiked club
              (12 damage)
             ... on level 6 of the Dungeon.
             The game lasted 00:11:11 (5077 turns).

Inarius the Chopper (Demonspawn Chaos Knight)       Turns: 5077, Time: 00:11:11

Health: -6/62      AC: 13    Str: 15    XL:     8   Next: 59%
Magic:  9/9        EV:  0    Int: 13    God:    Xom [*.....]
Gold:   229        SH: 12    Dex: 13    Spells: 7/7 levels left

rFire    . . .     SeeInvis .   a - +0 hand axe (chaos)
rCold    . . .     Gourm    .   m - +0 large shield
rNeg     + . .     Faith    .   f - +0 plate armour
rPois    .         Spirit   .   (helmet restricted)
rElec    .         Reflect  .   (no cloak)
rCorr    .         Harm     .   (no gloves)
MR       .....     Clarity  +   g - +0 pair of boots
Stlth    ..........             (no amulet)
HPRegen  0.20/turn              c - ring of positive energy
MPRegen  0.11/turn              (no ring)

@: about to teleport
A: antennae 1, clarity, powered by death 1, spiny 1
a: Renounce Religion


You were on level 6 of the Dungeon.
You worshipped Xom.
You were a special plaything of Xom.
You were not hungry.

You visited 1 branch of the dungeon, and saw 6 of its levels.

You collected 229 gold pieces.

Inventory:

Hand Weapons
 a - a +0 hand axe of chaos (weapon)
Armour
 d - a +0 scale mail of fire resistance
 f - a +0 plate armour (worn)
 g - a +0 pair of boots (worn)
 m - a +0 large shield (worn)
Jewellery
 c - a ring of positive energy (left hand)
 w - the ring "Masul" {rElec rC- Int+3 SInv Stlth+, unknown}
   (You found it on level 6 of the Dungeon)

   [ring of stealth]

   It affects your intelligence (+3).
   It makes you vulnerable to cold.
   It insulates you from electricity.
   It lets you see invisible.
   It makes you more stealthy.
Wands
 k - a wand of polymorph (7)
 t - a wand of flame (1)
 u - a wand of iceblast (4)
Scrolls
 e - 2 scrolls of random uselessness {unknown}
 h - 2 scrolls of magic mapping
 i - 2 scrolls of teleportation
 v - 2 scrolls of identify
Potions
 j - a potion of heal wounds {unknown}
 l - 3 potions of flight
 n - 2 potions of agility {unknown}
 p - 2 potions of brilliance
 q - a potion of mutation {unknown}
 r - a potion of curing
 s - 3 potions of berserk rage {unknown}
Comestibles
 b - 7 rations
 o - 13 chunks of flesh


   Skills:
 * Level 5.1 Fighting
 * Level 7.7 Axes
 + Level 4.6 Armour
 + Level 1.1 Dodging
 + Level 2.1 Shields
 + Level 2.2 Evocations


You had 7 spell levels left.
You didn't know any spells.
Your spell library was empty.

Dungeon Overview and Level Annotations

Branches:
Dungeon (6/15)
 Temple: D:4-7

Altars:
Ashenzari
Dithmenos
Fedhas
Gozag
Kikubaaqudgha
Makhleb
Trog
Uskayaw
Vehumet
Zin


Innate Abilities, Weirdness & Mutations

You have a pair of small antennae on your head.
You regenerate a little health from kills.
You are partially covered in sharp spines.
You possess an exceptional clarity of mind.


Message History

No target in view!
No target in view!
You slash something!
Something asks, "What the hell are we doing here?
Hmm, I see..."
Something hits you but does no damage.
You hit something. You freeze something. You hit something but do no damage.
Something hits you!
You barely miss something. Something hits you!
Your plate armour prevents you from hitting something.
Something hits you!
* * * LOW HITPOINT WARNING * * *
Something hits you.
* * * LOW HITPOINT WARNING * * *
You block something's attack. Something hits you.
* * * LOW HITPOINT WARNING * * *
As you read the scroll of teleportation, it crumbles to dust.
You feel strangely unstable. You block something's attack. Something hits you!
You die...

#.###.# #. #.#
#.###.# #[....#
###.### ##...##
#...#.# #{.#.## #
#@#.## . #.### #
##.## # ##...## #
#>....##############
#...................
#.....###.#.#..####.
##...## #.#.#..#....
##### #.#......##.


There were no monsters in sight!

Vanquished Creatures
  Sigmund (D:3)
  2 sky beasts (D:6)
  3 ogres
  2 bullfrogs (D:6)
  A scorpion (D:4)
  4 killer bees
  A howler monkey (D:6)
  A crimson imp (D:5)
  A jelly (D:5)
  An orc priest (D:3)
  A centaur skeleton (D:5)
  2 hounds
  An orc wizard (D:6)
  2 iguanas (D:6)
  4 worker ants
  15 adders
  A gnoll (D:5)
  A worm (D:2)
  A dart slug (D:3)
  A leopard gecko (D:1)
  10 orcs
  5 bats
  2 giant cockroaches
  8 goblins
  11 hobgoblins
  10 jackals
  2 quokkas (D:4)
  2 ball pythons
  A ball python skeleton (D:5)
  4 frilled lizards
  4 kobolds
  A leopard gecko zombie (D:5)
  A quokka skeleton (D:4)
  7 rats
114 creatures vanquished.

Notes
Turn   | Place    | Note
-------+----------+-------------------------------------------
     0 | D:1      | Inarius the Demonspawn Chaos Knight began the quest for the
                  | Orb.
     0 | D:1      | Reached XP level 1. HP: 18/18 MP: 1/1
   104 | D:1      | Reached skill level 3 in Axes
   162 | D:1      | Gained mutation: You have a pair of small antennae on your
                  | head. [demonic ancestry]
   162 | D:1      | Reached XP level 2. HP: 23/24 MP: 2/2
   308 | D:1      | XOM: silly message
   635 | D:1      | You fall through a shaft!
   648 | D:2      | XOM: cast spell 'Call Canine Familiar'
   655 | D:2      | Gained mutation: You regenerate a little health from kills.
                  | [demonic ancestry]
   655 | D:2      | Reached XP level 3. HP: 26/29 MP: 3/3
   804 | D:2      | Reached skill level 4 in Axes
   834 | D:2      | XOM: harmless Erth miscast
   883 | D:2      | Reached XP level 4. HP: 32/35 MP: 4/4
  1533 | D:3      | Gained mutation: You are partially covered in sharp spines.
                  | [demonic ancestry]
  1533 | D:3      | Reached XP level 5. HP: 34/41 MP: 5/5
  1787 | D:3      | Noticed Sigmund
  1848 | D:3      | Reached skill level 5 in Axes
  1943 | D:3      | Found an opulent altar of Gozag.
  1944 | D:3      | Found a hide-covered altar of Uskayaw.
  2011 | D:3      | XOM: divination: magic mapping
  2045 | D:2      | XOM: harmless Tmut miscast
  2112 | D:3      | XOM: polymorph kobold -> hobgoblin
  2127 | D:3      | Killed Sigmund
  2127 | D:3      | Reached skill level 1 in Dodging
  2127 | D:3      | Reached XP level 6. HP: 21/48 MP: 6/6
  2418 | D:4      | Found a glowing silver altar of Zin.
  2465 | D:4      | Found a shadowy altar of Dithmenos.
  2592 | D:4      | Found a bloodstained altar of Trog.
  2666 | D:4      | Found a blossoming altar of Fedhas.
  2702 | D:4      | Reached skill level 6 in Axes
  2749 | D:4      | Found a radiant altar of Vehumet.
  2951 | D:4      | XOM: butterfly on damage
  2954 | D:4      | Reached XP level 7. HP: 26/54 MP: 7/7
  3367 | D:5      | Entered Level 5 of the Dungeon
  3370 | D:5      | XOM: mild Erth miscast
  3444 | D:5      | Reached skill level 1 in Evocations
  3455 | D:5      | Reached skill level 1 in Shields
  3495 | D:4      | XOM: divination: magic mapping
  3826 | D:4      | XOM: silly message
  4089 | D:5      | Found a shattered altar of Ashenzari.
  4324 | D:5      | Found a burning altar of Makhleb.
  4324 | D:5      | Found an ancient bone altar of Kikubaaqudgha.
  4625 | D:5      | Reached skill level 7 in Axes
  4625 | D:5      | Reached XP level 8. HP: 50/61 MP: 9/9
  4810 | D:6      | XOM: give mutation
  4810 | D:6      | Gained mutation: You possess an exceptional clarity of
                  | mind. [Xom's mischief]
  4922 | D:6      | Reached skill level 5 in Fighting
  5022 | D:6      | Got a steaming pewter ring
  5077 | D:6      | Mangled by an ogre

Vault maps used:
D:1:      sevenhm_arrival_forest_fort_small_6, minmay_misc_feat_roman
D:2:      palyth_stone_intersect, minmay_pentomino_t4
D:3:      gammafunk_temple_overflow_statue, first_ration, uniq_sigmund
D:4:      fedhas_altar_3, zin_academy, vehumet_altar_wand_db,
          grunt_temple_overflow_open
D:5:      gammafunk_temple_overflow_wave, ashenzari_conservatory_becter
D:6:      due_unseen_surprise

Skill      XL: |  1  2  3  4  5  6  7  8 |
---------------+-------------------------+-----
Axes           | 3 4 5 6 7 |  7.7
Armour         | 2 3 4 |  4.6
Dodging        | 1 |  1.1
Fighting       | 4 5 |  5.1
Evocations     | 1 2 |  2.2
Shields        | 1 2 |  2.1

Action                   |  1- 3 |  4- 6 |  7- 9 || total
-------------------------+-------+-------+-------++-------
Melee: Hand axe          |   140 |   152 |   159 ||   451
Evoke: Wand              |       |     2 |    12 ||    14
  Use: Scroll            |     3 |       |     4 ||     7
       Potion            |       |     1 |       ||     1
 Stab: Paralysed         |     1 |       |    10 ||    11
       Distracted        |     1 |       |       ||     1
       Confused          |       |       |     3 ||     3
       Petrified         |       |       |     2 ||     2
       Petrifying        |       |       |     1 ||     1
  Eat: Chunk             |       |     7 |     7 ||    14
Armor: Plate armour      |   135 |   101 |    83 ||   319
Dodge: Dodged            |    24 |    14 |     7 ||    45
Block: Large shield      |       |    18 |    65 ||    83

Table legend:
 A = Non-vault XP
 B = Vault XP
 C = Vault XP percentage of total XP
 D = Non-vault monster count
 E = Vault monster count
 F = Vault count percentage of total count
                 A         B        C        D         E       F
            +---------+---------+-------+---------+---------+-------
      Total |    2020 |     227 |  10.1 |     110 |       4 |   3.5
            +---------+---------+-------+---------+---------+-------
        D:1 |      39 |       0 |   0.0 |      23 |       0 |   0.0
        D:2 |      85 |       3 |   3.4 |      16 |       2 |  11.1
        D:3 |     185 |     223 |  54.7 |      26 |       1 |   3.7
        D:4 |     476 |       1 |   0.2 |      15 |       1 |   6.2
        D:5 |     520 |       0 |   0.0 |      17 |       0 |   0.0
        D:6 |     715 |       0 |   0.0 |      13 |       0 |   0.0
            +---------+---------+-------+---------+---------+-------
